Map: Вечная империя РВ

Players

Lopatqa

  • Race: Zerg Zerg
  • Spawn Location: 7:00

Kantara - Winner!

  • Race: Protoss Protoss
  • League: Diamond
  • Spawn Location: 1:00

VOD

Have the link to the VOD?

Description

Time

  • Played on: Nov. 13, 2020, 4:09 p.m.
  • Length: 5:38
Show
View Real Time Build Order
Export as new Build Order

Lopatqa Zerg 

Build Orders: Hatch First 

Get SALT Encoding   

  12  0:00  Drone  
  13  0:12  Overlord  
  13  0:17  Drone  
  14  0:30  Drone  
  14  0:31  Drone  
  16  0:49  Hatchery  
  15  0:52  Drone  
  15  0:57  Drone  
  17  1:00  Drone  
  18  1:10  Extractor  
  17  1:15  Spawning Pool  
  17  1:18  Drone  
  17  1:22  Drone  
  18  1:31  Drone  
  19  1:48  Overlord  
  19  2:02  Queen x2  
  19  2:03  Zergling x6  
  26  2:10  Metabolic Boost  
  26  2:26  Drone  
  26  2:27  Drone x3  
  30  2:34  Evolution Chamber  
  29  2:54  Zergling x10  
  34  3:00  Zerg Melee Weapons Level 1  
  34  3:17  Hatchery  
  33  3:23  Overlord x2  
  33  3:35  Overlord  
  33  3:44  Zergling x10  
  38  4:00  Zergling x2  
  38  4:01  Zergling x4  
  41  4:04  Overlord  
  41  4:05  Zergling x4  
  41  4:06  Zergling x2  
  44  4:20  Zergling x6  
  44  4:22  Queen x2  
  51  4:27  Drone  
  51  4:28  Drone  
  53  4:35  Zergling x8  
  57  4:38  Zergling x2  
  57  4:39  Zergling x2  
  59  4:49  Queen  
  61  4:57  Zergling x4, Drone x2  
  65  5:07  Overlord  
Show
View Real Time Build Order
Export as new Build Order

Kantara Protoss - Winner!

Build Orders: 1 Gate Expand 

Get SALT Encoding   

  12  0:01  Probe  
  13  0:13  Probe  
  14  0:20  Pylon  
  14  0:25  Probe  
  15  0:38  Probe (Chrono Boost)  
  15  0:42  Gateway  
  17  0:50  Assimilator, Probe (Chrono Boost)  
  17  0:56  Probe (Chrono Boost)  
  18  1:05  Probe  
  19  1:17  Probe  
  20  1:29  Probe, Nexus  
  21  1:41  Cybernetics Core  
  21  1:44  Probe (Chrono Boost)  
  22  1:54  Assimilator  
  22  1:55  Probe (Chrono Boost)  
  23  2:06  Pylon  
  23  2:21  Warp Gate  
  23  2:24  Probe, Stalker  
  26  2:36  Probe (Chrono Boost)  
  27  2:40  Stargate  
  28  2:45  Probe (Chrono Boost)  
  28  2:47  Probe (Chrono Boost)  
  29  2:55  Probe (Chrono Boost)  
  29  2:57  Probe (Chrono Boost)  
  31  2:59  Adept  
  31  3:03  Probe (Chrono Boost)  
  31  3:04  Probe (Chrono Boost)  
  35  3:06  Shield Battery  
  35  3:09  Gateway  
  35  3:11  Probe (Chrono Boost)  
  36  3:20  Void Ray  
  36  3:23  Probe x2 (Chrono Boost)  
  41  3:29  Probe (Chrono Boost)  
  41  3:31  Probe (Chrono Boost)  
  41  3:32  Pylon  
  43  3:36  Adept  
  45  3:42  Assimilator  
  45  3:47  Probe (Chrono Boost)  
  46  3:52  Probe (Chrono Boost)  
  46  3:54  Stargate  
  47  3:55  Assimilator  
  47  3:57  Probe (Chrono Boost)  
  47  3:58  Probe (Chrono Boost)  
  49  4:07  Probe  
  49  4:08  Probe  
  51  4:12  Robotics Facility  
  51  4:19  Probe  
  51  4:20  Probe  
  53  4:27  Pylon  
  53  4:28  Pylon  
  53  4:32  Probe  
  54  4:39  Void Ray  
  54  4:40  Void Ray  
  54  4:45  Probe  
  59  4:47  Adept  
  59  4:48  Adept  
  67  5:08  Probe  
  67  5:09  Probe  
  69  5:20  Probe  
  70  5:29  Pylon x2  
Tags
 
Add a new tag
Caveats
  • Supply blocks, unpowered buildings, or Contaminate may cause inaccurate times.
  • Supply counts are checked every 10 seconds.